 Dungeon Crawl Stone Soup version 0.29-a0-901-g46a8461d6a (webtiles) character file.

Game seed: 163608885959281933

12018 Gwenloh the Thaumaturge (level 11, -7/64 HPs)
             Began as a Deep Elf Conjurer on July 22, 2022.
             Was a Follower of Cheibriados.
             Engulfed by a cloud of foul pestilence (10 damage)
             ... on level 1 of the Lair of Beasts on July 23, 2022.
             The game lasted 00:47:33 (11664 turns).

Gwenloh the Thaumaturge (Deep Elf Conjurer)        Turns: 11664, Time: 00:47:34

Health: -7/64      AC: 11    Str: 16    XL:     11   Next: 56%
Magic:  20/20      EV: 16    Int: 29    God:    Cheibriados [*.....]
Gold:   755        SH:  7    Dex: 16    Spells: 19/35 levels left

rFire   + + +      SeeInvis .   M - +2 dagger (distort)
rCold   + . .      Faith    .   k - +4 buckler of Dyrotipagh {rF+++ MP-9 Str+7 Stlth+}
rNeg    + . .      Spirit   .   N - +1 robe {rC+}
rPois   +          Reflect  .   (no helmet)
rElec   .          Harm     .   w - +1 cloak {rPois}
rCorr   .          Rampage  .   F - +0 pair of gloves
Will    +....                   r - +0 pair of boots
Stlth   +++++.....              A - amulet of magic regeneration
HPRegen 0.20/turn               h - ring of positive energy
MPRegen 0.57/turn               H - +4 ring of protection

@: very slow
A: no striking features
a: Renounce Religion, Bend Time


You were on level 1 of the Lair of Beasts.
You worshipped Cheibriados.
Cheibriados was aware of your devotion.
You visited 3 branches of the dungeon, and saw 12 of its levels.

You collected 755 gold pieces.

Inventory:

Hand Weapons
 j - a +3 dagger
 t - a +1 vampiric hand axe
 L - a +2 vampiric whip
 M - a +2 dagger of distortion (weapon)
Missiles
 n - a throwing net
Armour
 g - a +0 buckler
 k - the +4 buckler of Dyrotipagh (worn) {rF+++ MP-9 Str+7 Stlth+}
   (You acquired it on level 1 of the Lair of Beasts)

   Str:       It affects your strength (+7).
   rF:        It renders you almost immune to fire.
   MP:        It affects your magic capacity (-9).
   Stlth:     It makes you more stealthy.
 r - a +0 pair of boots (worn)
 w - a +1 cloak of poison resistance (worn)
 B - +0 swamp dragon scales
 F - a +0 pair of gloves (worn)
 N - a +1 robe of cold resistance (worn)
Magical Staves
 c - a staff of cold
Jewellery
 h - a ring of positive energy (left hand)
 A - an amulet of magic regeneration (around neck)
 H - a +4 ring of protection (right hand)
 I - a ring of ice
 P - a ring of willpower
Wands
 a - a wand of charming (6)
 x - a wand of light (8)
Scrolls
 d - 3 scrolls of magic mapping
 f - 2 scrolls of blinking
 i - 3 scrolls of fear
 q - a scroll of vulnerability {unknown}
 y - a scroll of enchant armour {unknown}
 z - 2 scrolls of poison
 C - a scroll of fog {unknown}
 D - 3 scrolls of teleportation
 E - a scroll of amnesia {unknown}
 G - a scroll of immolation {unknown}
 O - a scroll of enchant weapon {unknown}
 S - a scroll of summoning {unknown}
Potions
 b - 3 potions of magic
 e - 2 potions of might {unknown}
 l - a potion of mutation {unknown}
 m - 2 potions of brilliance {unknown}
 o - a potion of flight {unknown}
 p - a potion of ambrosia {unknown}
 s - 4 potions of haste
 u - 3 potions of heal wounds
 v - a potion of berserk rage {unknown}
 J - 4 potions of lignification {unknown}
 K - 2 potions of invisibility {unknown}
 Q - 3 potions of attraction {unknown}
 R - a potion of curing


   Skills:
 + Level 5.3 Fighting
 + Level 8.4 Dodging
 - Level 8.6 Stealth
 * Level 12.7 Spellcasting
 * Level 11.3 Conjurations
 + Level 4.4 Hexes
 - Level 4.5 Translocations
 + Level 2.5 Invocations


You had 19 spell levels left.
You knew the following spells:

 Your Spells              Type           Power      Damage    Failure   Level
a - Magic Dart            Conj           100%       1d8       1%          1
b - Searing Ray           Conj           100%       2d8       1%          2
c - Dazzling Flash        Conj/Hex       100%       N/A       1%          3
d - Fulminant Prism       Conj/Hex       29%        3d14      1%          4
e - Iskenderun's Mystic   Conj/Tloc      59%        2d12      1%          4
f - Blink                 Tloc           88%        N/A       1%          2

Your spell library contained the following spells:

 Spells                   Type           Power      Damage    Failure   Level
 Conjure Flame            Conj/Fire      50%        6-21      1%          3
 Gell's Gravitas          Tloc           44%        N/A       1%          3
 Lesser Beckoning         Tloc           44%        N/A       1%          3
 Teleport Other           Tloc           44%        N/A       1%          3
 Ensorcelled Hibernation  Hex/Ice        62%        N/A       2%          2
 Sticky Flame             Conj/Fire      50%        2d7       3%          4
 Ignite Poison            Fire/Tmut/Pois 18%        N/A       12%         3
 Spider Form              Tmut/Pois      18%        N/A       12%         3
 Anguish                  Hex/Necr       15%        N/A       16%         4
 Manifold Assault         Tloc           44%        N/A       17%         5
 Animate Dead             Necr           18%        N/A       36%         4
 Borgnjor's Vile Clutch   Necr/Erth      9%         N/A       71%         5
 Death Channel            Necr           9%         N/A       99%         6


Dungeon Overview and Level Annotations

Branches:
Dungeon (10/15)            Temple (1/1) D:7            Lair (1/5) D:9
    Orc: D:9-12

Altars:
Ashenzari
Cheibriados
Dithmenos
Elyvilon
Fedhas
Gozag
Hepliaklqana
Kikubaaqudgha
Makhleb
Nemelex Xobeh
Okawaru
Qazlal
Ru
Sif Muna
Trog
Wu Jian
Xom
Yredelemnul
The Shining One

Shops:
D:5 :   D:7 [   D:8 (

Annotations:
D:4 2 runed translucent doors, Duvessa
D:7 3 runed translucent doors, wilfster70's ghost, novice DjFE
Lair:1 1 transporter


Message History

The harpoon shot hits you!
You are yanked forward by the harpoon shot.
You collide with the briar patch!
The briar patch is almost destroyed.
Blink to where?
Press: ? - help, Dir - move target Really blink into that net trap?
You become entangled in the net!
As you read the scroll of blinking, it crumbles to dust.
The swamp worm fires a harpoon shot at you.
The harpoon shot misses you.
You struggle against the net.
The swamp worm fires a harpoon shot at you.
The harpoon shot misses you.
You struggle against the net.
You shred the net and break free!
Really walk into that cloud of foul pestilence?
Okay, then.
You feel much better.
The swamp worm fires a harpoon shot at you.
The harpoon shot hits you!
You are yanked forward by the harpoon shot.
You violently stop moving!
The swamp worm fires a harpoon shot at you.
The harpoon shot misses you.
Blink to where?
Press: ? - help, Dir - move target Really blink into that cloud of foul pestilence?
As you read the scroll of blinking, it crumbles to dust.
You are engulfed in dark miasma.
* * * LOW HITPOINT WARNING * * *
The swamp worm fires a harpoon shot at you.
The harpoon shot hits you.
* * * LOW HITPOINT WARNING * * *
You are yanked forward by the harpoon shot.
You collide with the briar patch!
The briar patch is severely damaged.
* * * LOW HITPOINT WARNING * * *
You open the door.
You are engulfed in dark miasma.
You die...

# ##.#........#####.......# ##..
###.........###P©.###.....# ##..
#.#...###...#♣≈P^P≈##.....## #...
....### #...##≈P^P§w#......###...
.....## ##..#w≈P^P≈##..........#.
......###...###§^P≈♣#.....#....##
.......####.#♣≈P^§###....##.#.#.#
.......## #.##≈P^P≈w#...######...
........###.#w≈P@P§##...# ###.
......[..##.####'####.####### ##
.........####.#[()#...# ##..## #
......[...###.#=©[#...###....#
...........##.#####..###.....#
...........#....©............#
...........#####..###........##
..........## #...##..........#
.........## ##..............#


You could see 4 swamp worms.

Vanquished Creatures
  A hydra (Lair:1)
  A two-headed ogre (D:9)
  Urug (D:10)
  Pikel (D:4)
  2 black mambas (Lair:1)
  Maggie (D:9)
  2 cane toads (Lair:1)
  Psyche (D:8)
  A komodo dragon (D:9)
  A troll (D:9)
  Grinder (D:3)
  2 hornets
  A shadow (D:9)
  A wraith (D:10)
  7 yaks
  A wyvern (Lair:1)
  A basilisk (Lair:1)
  2 steam dragons (D:7)
  6 water moccasins
  2 sky beasts
  A black bear (D:8)
  6 orc warriors
  2 ogres
  3 lemures
  A phantom (D:5)
  A centaur (D:7)
  3 kobold brigands
  3 bullfrogs (Lair:1)
  A necrophage (D:5)
  5 scorpions
  8 wights (D:9)
  Dowan (D:4)
  16 killer bees
  A howler monkey (D:6)
  11 orc priests
  Crazy Yiuf (D:3)
  5 hounds
  2 jellies
  A gnoll bouda (D:6)
  2 iguanas
  Terence (D:3)
  8 orc wizards
  5 hell rats (Lair:1)
  3 gnolls (D:6)
  5 adders
  A shadow imp (D:6)
  5 white imps
  An ufetubus (D:6)
  A dart slug (D:4)
  29 orcs
  5 bats
  2 endoplasms
  A giant cockroach (D:1)
  9 goblins
  7 hobgoblins
  2 jackals (D:2)
  17 kobolds
  2 quokkas
  8 ball pythons
  2 frilled lizards
  6 rats
  A briar patch (Lair:1)
231 creatures vanquished.

Vanquished Creatures (others)
  22 fulminant prisms
  5 fungi (D:3)
  8 plants
35 creatures vanquished.

Grand Total: 266 creatures vanquished

Notes
Turn   | Place    | Note
-------+----------+-------------------------------------------
     0 | D:1      | Gwenloh the Deep Elf Conjurer began the quest for the Orb.
     0 | D:1      | Reached XP level 1. HP: 10/10 MP: 6/6
   114 | D:1      | Reached XP level 2. HP: 15/15 MP: 1/8
   117 | D:1      | Learned a level 2 spell: Searing Ray
   906 | D:2      | Reached XP level 3. HP: 15/19 MP: 8/10
  1045 | D:2      | Found a shadowy altar of Dithmenos.
  1129 | D:2      | Found a faded altar of an unknown god.
  1589 | D:3      | Learned a level 3 spell: Dazzling Flash
  1774 | D:3      | Noticed Terence
  1781 | D:3      | Killed Terence
  1782 | D:3      | Reached skill level 4 in Spellcasting
  1782 | D:3      | Reached skill level 5 in Conjurations
  1782 | D:3      | Reached XP level 4. HP: 24/24 MP: 6/12
  1972 | D:3      | Noticed Grinder
  1982 | D:3      | Killed Grinder
  1983 | D:3      | Reached skill level 1 in Fighting
  1983 | D:3      | Reached skill level 5 in Spellcasting
  1983 | D:3      | Reached XP level 5. HP: 18/29 MP: 2/14
  1983 | D:3      | Reached XP level 6. HP: 21/34 MP: 2/15
  2472 | D:3      | Found a runed translucent door.
  2473 | D:3      | Noticed Crazy Yiuf
  2478 | D:3      | Killed Crazy Yiuf
  2593 | D:4      | Noticed Pikel
  2833 | D:4      | Noticed Dowan
  2834 | D:4      | Noticed Duvessa
  2971 | D:4      | Found a large runed translucent door.
  2972 | D:4      | Found a large runed translucent door.
  3170 | D:4      | Killed Pikel
  3171 | D:4      | Reached skill level 5 in Stealth
  3171 | D:4      | Reached skill level 6 in Spellcasting
  3171 | D:4      | Reached XP level 7. HP: 40/40 MP: 14/18
  3206 | D:4      | Killed Dowan
  3209 | D:5      | Entered Level 5 of the Dungeon
  3297 | D:5      | Reached skill level 7 in Spellcasting
  3297 | D:5      | Reached XP level 8. HP: 45/45 MP: 17/20
  3301 | D:5      | Reached skill level 5 in Dodging
  3386 | D:5      | Learned a level 4 spell: Fulminant Prism
  3391 | D:5      | Learned a level 4 spell: Iskenderun's Mystic Blast
  3406 | D:5      | Found Roxots's Tremendous Tomes.
  3611 | D:5      | Reached skill level 1 in Hexes
  4098 | D:6      | Reached skill level 8 in Spellcasting
  4320 | D:6      | Found a glowing golden altar of the Shining One.
  4413 | D:6      | Reached XP level 9. HP: 35/51 MP: 18/23
  4888 | D:6      | Found an ornate altar of the Wu Jian Council.
  5143 | D:6      | Found a blossoming altar of Fedhas.
  5147 | D:6      | Found a stormy altar of Qazlal.
  5153 | D:6      | Found a basalt altar of Yredelemnul.
  5223 | D:6      | Learned a level 2 spell: Blink
  5336 | D:7      | Noticed wilfster70's ghost (novice DjFE)
  5558 | D:7      | Reached skill level 1 in Translocations
  5566 | D:7      | Reached skill level 9 in Spellcasting
  5769 | D:7      | Found a runed translucent gate.
  5770 | D:7      | Found a runed translucent gate.
  5771 | D:7      | Found a runed translucent gate.
  5771 | D:7      | Noticed an eight-headed hydra
  5781 | D:7      | Found Rolaadgh's Antique Armour Shoppe.
  6250 | D:7      | Found an iron altar of Okawaru.
  6276 | D:7      | Found a staircase to the Ecumenical Temple.
  6294 | Temple   | Entered the Ecumenical Temple
  7186 | D:8      | Found Qypriato's Hydra Hut.
  7202 | D:8      | Noticed a four-headed hydra
  7274 | D:8      | Reached skill level 10 in Spellcasting
  7441 | D:8      | Reached XP level 10. HP: 56/56 MP: 19/26
  7464 | D:8      | Noticed Psyche
  7867 | D:8      | Killed Psyche
  8121 | D:9      | Noticed Maggie
  8136 | D:9      | Killed Maggie
  8263 | D:9      | Upgraded the game from 0.29-a0-892-g2c4c91d9db to
                  | 0.29-a0-901-g46a8461d6a
  8270 | D:9      | Found a snail-covered altar of Cheibriados.
  8307 | D:9      | Identified the +7 whip "Cesuwuxo" {pain, rN++}
  8341 | D:9      | Found a staircase to the Lair.
  8683 | D:9      | Reached skill level 11 in Spellcasting
  8683 | D:9      | Reached skill level 10 in Conjurations
  8886 | D:9      | Noticed a two-headed ogre
  8895 | D:9      | Killed a two-headed ogre
  8965 | D:9      | Became a worshipper of Cheibriados the Contemplative
  8982 | D:10     | Entered Level 10 of the Dungeon
  9031 | D:10     | Found a broken altar of Ashenzari.
  9363 | D:10     | Reached XP level 11. HP: 62/62 MP: 21/28
  9453 | D:10     | Noticed Urug
  9463 | D:10     | Killed Urug
  9783 | Lair:1   | Entered Level 1 of the Lair of Beasts
  9879 | Lair:1   | Reached * piety under Cheibriados
  9930 | Lair:1   | Reached skill level 5 in Fighting
 10183 | Lair:1   | Reached skill level 1 in Invocations
 10312 | Lair:1   | Reached skill level 12 in Spellcasting
 10419 | Lair:1   | Noticed a four-headed hydra
 10431 | Lair:1   | Killed a four-headed hydra
 10861 | Lair:1   | Found a transporter.
 11278 | Lair:1   | Found a transporter.
 11281 | Lair:1   | Identified a scroll of acquirement
 11282 | Lair:1   | Acquired the +4 buckler of Dyrotipagh {rF+++ MP-9 Str+7
                  | Stlth+}
 11663 | Lair:1   | HP: 3/64 [briar patch collision (6)]
 11664 | Lair:1   | Engulfed by a cloud of foul pestilence

Illustrated notes

Levels and vault maps discovered:
D:1:      reono_arrival_mine, layout_rooms, chequers_big_river
D:2:      layout_rooms, basic_altar, basic_ecumenical_altar, grunt_ministairs_4
D:3:      layout_loops_ring, uniq_grinder, uniq_terence, uniq_crazy_yiuf_cottage
D:4:      layout_gridville, zin_angel, jmf_multi_god_temple2, nrook_mini_vaults,
          uniq_pikel, uniq_duvessa, uniq_natasha
D:5:      layout_cave_pools, minmay_misc_feat_five,
          nicolae_shop_i_like_big_books
D:6:      layout_cave_pods, nicolae_overflow_crystal_walls,
          nzn_wu_jian_council_hall, minmay_overflow_temple_star_quad
D:7:      layout_layer_cave, nicolae_overflow_hidden_temple, temple_fountains,
          serial_shops, shop, gammafunk_ghost_split, st_stairs_3
D:8:      layout_basic, doesnt_shop_hydraphobe, uniq_psyche
D:9:      layout_rooms, cheibriados_altar_1, david_lair_shrubbed, uniq_maggie
D:10:     layout_basic, mainiacjoe_overflow_concentric_impassable, uniq_urug
Temple:   minmay_freezing_vapour_temple
Lair:1:   gammafunk_worm_tunnel, layout_cave_pods

Skill      XL: |  1  2  3  4  5  6  7  8  9 10 11 |
---------------+----------------------------------+-----
Stealth        | 3 4 5 6 7 8 |  8.6
Dodging        | 3 4 5 6 7 8 |  8.4
Spellcasting   | 4 5 6 7 8 10 11 12 | 12.7
Conjurations   | 5 6 7 8 9 10 11 | 11.3
Fighting       | 1 2 3 4 5 |  5.3
Hexes          | 2 4 |  4.4
Translocations | 2 4 |  4.5
Invocations    | 2 |  2.5

Action                   |  1- 3 |  4- 6 |  7- 9 | 10-12 || total
-------------------------+-------+-------+-------+-------++-------
Melee: Dagger            |     9 |       |       |     5 ||    14
       Hand axe          |       |     7 |    12 |     7 ||    26
       Whip              |       |       |       |    10 ||    10
       Punch             |       |       |       |     1 ||     1
 Cast: Magic Dart        |    66 |    41 |   163 |    84 ||   354
       Searing Ray       |     1 |    11 |    43 |    62 ||   117
       Fulminant Prism   |       |       |     9 |    13 ||    22
       Iskenderun's Myst |       |       |     7 |    21 ||    28
  Use: Scroll            |       |       |     6 |     6 ||    12
       Potion            |       |       |       |     2 ||     2
Armor: Robe              |       |     1 |    13 |    12 ||    26
       Swamp dragon scal |       |       |       |    22 ||    22
Dodge: Dodged            |     7 |     9 |    51 |    81 ||   148

Table legend: (Time is in decaauts)
 A = Elapsed time spent in this place.
 B = Non-inter-level travel time spent in this place.
 C = Inter-level travel time spent in this place.
 D = Time resting spent in this place.
 E = Time spent auto-exploring this place.
 F = Levels seen in this place.
 G = Mean time per level.
                   A        B        C        D        E       F      G
               +--------+--------+--------+--------+--------+-----+--------+
         Total |  12179 |  11688 |    491 |   1593 |   8300 |  12 | 1014.9 |
       Dungeon |   9937 |   9496 |    441 |    824 |   7182 |  10 |  993.7 |
        Temple |     21 |     21 |      0 |      0 |     15 |   1 |   21.0 |
          Lair |   2219 |   2170 |     49 |    769 |   1103 |   1 | 2219.0 |
               +--------+--------+--------+--------+--------+-----+--------+

Top non-repeatable levels by time:
  Lair:1: 2219 daAuts
     D:6: 1529 daAuts
     D:7: 1524 daAuts
     D:3: 1184 daAuts
     D:8: 1138 daAuts
    D:10: 938 daAuts
     D:1: 906 daAuts
     D:9: 860 daAuts
     D:5: 730 daAuts
     D:2: 634 daAuts
     D:4: 491 daAuts
  Temple: 21 daAuts
